TOP OF THE 1ST |
University of Minnesota Golden Gophers batting - Pitching for University of Alabama Crimson Tide : RHP Manny Tabaco
|
Pitching: RHP Manny Tabaco
|
|
Batting: RHB Ron Gooch
|
0-0: DOUBLE (Flyball, 8RXD, EV 106.9 MPH)
|
Batting: RHB Jian-zhang Zhào
|
0-0: Ball 1-0: Ground out 6-3 (Groundball, 6, EV 84.4 MPH)
|
Batting: RHB Tommy Molinaro
|
0-0: Ball 1-0: Ball 2-0: Called Strike 2-1: Foul Ball, location: 2F 2-2: Foul Ball, location: 2F 2-2: Ground out 6-3 (Groundball, 56, EV 86.2 MPH)
|
Batting: RHB Jason Mooris
|
0-0: Ball 1-0: Called Strike 1-1: Ball 2-1: Ball 3-1: Fly out, F3 (Line Drive, 3L, EV 67.5 MPH)
|
Top of the 1st over - 0 runs, 1 hit, 0 errors, 1 left on base; University of Minnesota 0 - University of Alabama 0 |
BOTTOM OF THE 1ST |
University of Alabama Crimson Tide batting - Pitching for University of Minnesota Golden Gophers : LHP Ruben Cardenas
|
Pitching: LHP Ruben Cardenas
|
|
Batting: RHB Jong-your Lee
|
0-0: Ground out 3-1 (Groundball, 34, EV 86.2 MPH)
|
Batting: LHB Platon Protopsaltis
|
0-0: Called Strike 0-1: Foul Ball, location: 2F 0-2: Ball 1-2: Strikes out swinging
|
Batting: RHB B.J. Clark
|
0-0: Ball 1-0: Ball 2-0: Fly out, F9 (Flyball, 9LM, EV 89.4 MPH)
|
Bottom of the 1st over - 0 runs, 0 hits, 0 errors, 0 left on base; University of Minnesota 0 - University of Alabama 0 |
TOP OF THE 2ND |
University of Minnesota Golden Gophers batting - Pitching for University of Alabama Crimson Tide : RHP Manny Tabaco
|
Batting: LHB Jose Moncada
|
0-0: Swinging Strike 0-1: Foul Ball, location: 2F 0-2: Ball 1-2: Ball 2-2: Fly out, F6 (Popup, 6, EV 57.5 MPH)
|
Batting: RHB Jose Garrido
|
0-0: Ground out 6-3 (Groundball, 6, EV 85.0 MPH)
|
Batting: LHB Ivan Villegas
|
0-0: Fly out, F8 (Flyball, 8LS, EV 87.5 MPH)
|
Top of the 2nd over - 0 runs, 0 hits, 0 errors, 0 left on base; University of Minnesota 0 - University of Alabama 0 |
BOTTOM OF THE 2ND |
University of Alabama Crimson Tide batting - Pitching for University of Minnesota Golden Gophers : LHP Ruben Cardenas
|
Batting: RHB Al Lara
|
0-0: Called Strike 0-1: Ball 1-1: Swinging Strike 1-2: Strikes out swinging
|
Batting: RHB Hughie Withers
|
0-0: Foul Ball, location: 2F 0-1: Called Strike 0-2: Ball 1-2: Foul Ball, location: 2F 1-2: Foul Ball, location: 2F 1-2: Ball 2-2: Fly out, F9 (Flyball, 9, EV 89.4 MPH)
|
Batting: RHB Danny Jaramillo
|
0-0: Ball 1-0: Swinging Strike 1-1: Called Strike 1-2: Strikes out swinging
|
Bottom of the 2nd over - 0 runs, 0 hits, 0 errors, 0 left on base; University of Minnesota 0 - University of Alabama 0 |
TOP OF THE 3RD |
University of Minnesota Golden Gophers batting - Pitching for University of Alabama Crimson Tide : RHP Manny Tabaco
|
Batting: SHB Chris Rodgers
|
0-0: Foul Ball, location: 2F 0-1: Ground out 6-3 (Groundball, 6, EV 88.1 MPH)
|
Batting: RHB Roy Evenden
|
0-0: Called Strike 0-1: Ball 1-1: Foul Ball, location: 2F 1-2: Strikes out looking
|
Batting: RHB Ron Gooch
|
0-0: Ball 1-0: Called Strike 1-1: Swinging Strike 1-2: Fly out, F7 (Flyball, 7LM, EV 86.9 MPH)
|
Top of the 3rd over - 0 runs, 0 hits, 0 errors, 0 left on base; University of Minnesota 0 - University of Alabama 0 |
BOTTOM OF THE 3RD |
University of Alabama Crimson Tide batting - Pitching for University of Minnesota Golden Gophers : LHP Ruben Cardenas
|
Batting: SHB Andrew Robison
|
0-0: Ball 1-0: Ball 2-0: Ground out 5-3 (Groundball, 6MS, EV 85.0 MPH)
|
Batting: RHB Fernando Reyes
|
0-0: Ball 1-0: Ball 2-0: Ball 3-0: Called Strike 3-1: Called Strike 3-2: Strikes out swinging
|
Batting: SHB Eric Briseno
|
0-0: Ball 1-0: Ball 2-0: Ground out 5-3 (Groundball, 56, EV 86.2 MPH)
|
Bottom of the 3rd over - 0 runs, 0 hits, 0 errors, 0 left on base; University of Minnesota 0 - University of Alabama 0 |
TOP OF THE 4TH |
University of Minnesota Golden Gophers batting - Pitching for University of Alabama Crimson Tide : RHP Manny Tabaco
|
Batting: RHB Jian-zhang Zhào
|
0-0: Called Strike 0-1: Fly out, F8 (Flyball, 8LM, EV 80.0 MPH)
|
Batting: RHB Tommy Molinaro
|
0-0: Called Strike 0-1: Ball 1-1: Called Strike 1-2: Ball 2-2: Fly out, F4 (Popup, 34S, EV 86.2 MPH)
|
Batting: RHB Jason Mooris
|
0-0: Ball 1-0: Called Strike 1-1: Foul Ball, location: 2F 1-2: Strikes out swinging
|
Top of the 4th over - 0 runs, 0 hits, 0 errors, 0 left on base; University of Minnesota 0 - University of Alabama 0 |
BOTTOM OF THE 4TH |
University of Alabama Crimson Tide batting - Pitching for University of Minnesota Golden Gophers : LHP Ruben Cardenas
|
Batting: RHB Jong-your Lee
|
0-0: Ball 1-0: DOUBLE (Line Drive, 78D, EV 103.1 MPH)
|
Batting: LHB Platon Protopsaltis
|
0-0: Called Strike Jong-your Lee steals 3rd base 0-1: Foul Ball, location: 2F 0-2: DOUBLE (Flyball, 3D, EV 103.1 MPH) Jong-your Lee scores
|
Batting: RHB B.J. Clark
|
0-0: Ball 1-0: Called Strike 1-1: Foul Ball, location: 2F 1-2: Strikes out swinging
|
Batting: RHB Al Lara
|
0-0: Called Strike 0-1: Ball 1-1: Foul Ball, location: 2F 1-2: Ground out 5-3 (Groundball, 56, EV 98.8 MPH)
|
Batting: RHB Hughie Withers
|
0-0: Ball 1-0: Called Strike 1-1: Swinging Strike 1-2: Ground out 2-3 (Groundball, 13S, EV 64.4 MPH)
|
Bottom of the 4th over - 1 run, 2 hits, 0 errors, 1 left on base; University of Minnesota 0 - University of Alabama 1 |
TOP OF THE 5TH |
University of Minnesota Golden Gophers batting - Pitching for University of Alabama Crimson Tide : RHP Manny Tabaco
|
Batting: LHB Jose Moncada
|
0-0: Fly out, F6 (Popup, 6, EV 75.6 MPH)
|
Batting: RHB Jose Garrido
|
0-0: Called Strike 0-1: Foul Ball, location: 2F 0-2: Foul Ball, location: 2F 0-2: Foul Ball, location: 2F 0-2: Foul Ball, location: 2F 0-2: Ball 1-2: Fly out, F8 (Flyball, 8LD, EV 94.4 MPH)
|
Batting: LHB Ivan Villegas
|
0-0: Ball 1-0: Swinging Strike 1-1: Foul Ball, location: 2F 1-2: Ball 2-2: Ground out U3 (Groundball, 34, EV 92.5 MPH)
|
Top of the 5th over - 0 runs, 0 hits, 0 errors, 0 left on base; University of Minnesota 0 - University of Alabama 1 |
BOTTOM OF THE 5TH |
University of Alabama Crimson Tide batting - Pitching for University of Minnesota Golden Gophers : LHP Ruben Cardenas
|
Batting: RHB Danny Jaramillo
|
0-0: Ball 1-0: Swinging Strike 1-1: Foul Ball, location: 2F 1-2: Ball 2-2: Fly out, F9 (Flyball, 89S, EV 86.9 MPH)
|
Batting: SHB Andrew Robison
|
0-0: Ball 1-0: Foul Ball, location: 2F 1-1: SINGLE (Groundball, 56D, EV 103.8 MPH)
|
Batting: RHB Fernando Reyes
|
0-0: Called Strike Andrew Robison steals 2nd base 0-1: Ground out 5-3 (Groundball, 56, EV 105.0 MPH)
|
Batting: SHB Eric Briseno
|
0-0: Ball 1-0: Ball 2-0: Fly out, F7 (Flyball, 7LM, EV 82.5 MPH)
|
Bottom of the 5th over - 0 runs, 1 hit, 0 errors, 1 left on base; University of Minnesota 0 - University of Alabama 1 |
TOP OF THE 6TH |
University of Minnesota Golden Gophers batting - Pitching for University of Alabama Crimson Tide : RHP Manny Tabaco
|
Batting: SHB Chris Rodgers
|
0-0: Called Strike 0-1: Swinging Strike 0-2: Strikes out swinging
|
Batting: RHB Roy Evenden
|
0-0: Ball 1-0: Reached via error on a dropped throw from 3B, E3 (Groundball, 56S, EV 65.6 MPH)
|
Batting: RHB Ron Gooch
|
0-0: Ball Roy Evenden steals 2nd, throwing error, E2 Roy Evenden to third 1-0: SINGLE (Line Drive, 4M, EV 96.9 MPH) Roy Evenden scores
|
Batting: RHB Jian-zhang Zhào
|
0-0: Fly out, F8 (Flyball, 8RM, EV 86.9 MPH)
|
Batting: RHB Tommy Molinaro
|
0-0: Swinging Strike 0-1: Called Strike 0-2: Foul Ball, location: 2F 0-2: Ball 1-2: Ball 2-2: Ball 3-2: Strikes out looking
|
Top of the 6th over - 1 run, 1 hit, 2 errors, 1 left on base; University of Minnesota 1 - University of Alabama 1 |
BOTTOM OF THE 6TH |
University of Alabama Crimson Tide batting - Pitching for University of Minnesota Golden Gophers : LHP Ruben Cardenas
|
Batting: RHB Jong-your Lee
|
0-0: Ball 1-0: Called Strike 1-1: Ground out 6-3 (Groundball, P, EV 80.6 MPH)
|
Batting: LHB Platon Protopsaltis
|
0-0: Foul Ball, location: 2F 0-1: Foul Ball, location: 2F 0-2: Ball 1-2: Ball 2-2: Ball 3-2: Ground out 6-3 (Groundball, 56, EV 100.0 MPH)
|
Batting: RHB B.J. Clark
|
0-0: Ball 1-0: Called Strike 1-1: Called Strike 1-2: Ball 2-2: Strikes out swinging
|
Bottom of the 6th over - 0 runs, 0 hits, 0 errors, 0 left on base; University of Minnesota 1 - University of Alabama 1 |
TOP OF THE 7TH |
University of Minnesota Golden Gophers batting - Pitching for University of Alabama Crimson Tide : RHP Manny Tabaco
|
Batting: RHB Jason Mooris
|
0-0: Ground out 5-3 (Groundball, 56S, EV 86.2 MPH)
|
Batting: LHB Jose Moncada
|
0-0: Ball 1-0: Swinging Strike 1-1: Foul Ball, location: 2F 1-2: Ball 2-2: Fly out, F5 (Popup, 5SF, EV 82.5 MPH)
|
Batting: RHB Jose Garrido
|
0-0: Called Strike 0-1: Called Strike 0-2: Strikes out looking
|
Top of the 7th over - 0 runs, 0 hits, 0 errors, 0 left on base; University of Minnesota 1 - University of Alabama 1 |
BOTTOM OF THE 7TH |
University of Alabama Crimson Tide batting - Pitching for University of Minnesota Golden Gophers : LHP Ruben Cardenas
|
Pitching: LHP Heui-seong Hahn
|
|
Batting: RHB Al Lara
|
0-0: Called Strike 0-1: Swinging Strike 0-2: Ball 1-2: Foul Ball, location: 2F 1-2: Ground out 4-3 (Groundball, 4, EV 90.0 MPH)
|
Batting: RHB Hughie Withers
|
0-0: Ball 1-0: Foul Ball, location: 2F 1-1: Swinging Strike 1-2: Strikes out swinging
|
Batting: RHB Danny Jaramillo
|
0-0: Ball 1-0: Ball 2-0: Called Strike 2-1: Swinging Strike 2-2: Strikes out swinging
|
Bottom of the 7th over - 0 runs, 0 hits, 0 errors, 0 left on base; University of Minnesota 1 - University of Alabama 1 |
TOP OF THE 8TH |
University of Minnesota Golden Gophers batting - Pitching for University of Alabama Crimson Tide : RHP Manny Tabaco
|
Pitching: LHP Ralph Sandhoff
|
|
Pinch Hitting: RHB Scott Rose
|
0-0: Ball 1-0: Ball 2-0: Called Strike 2-1: Ground out U3 (Groundball, 34, EV 105.6 MPH)
|
Pitching: RHP Luiz Schantz
|
|
Batting: SHB Chris Rodgers
|
0-0: Called Strike 0-1: Foul Ball, location: 2F 0-2: Ball 1-2: Strikes out swinging
|
Batting: RHB Roy Evenden
|
0-0: Ball 1-0: Ball 2-0: Called Strike 2-1: Ball 3-1: Swinging Strike 3-2: Strikes out swinging
|
Top of the 8th over - 0 runs, 0 hits, 0 errors, 0 left on base; University of Minnesota 1 - University of Alabama 1 |
BOTTOM OF THE 8TH |
University of Alabama Crimson Tide batting - Pitching for University of Minnesota Golden Gophers : LHP Heui-seong Hahn
|
Now in LF: Bobby Agterberg
|
|
Batting: SHB Andrew Robison
|
0-0: Foul Ball, location: 2F 0-1: Foul Ball, location: 2F 0-2: Ground out 3-1 (Groundball, 34, EV 80.0 MPH)
|
Batting: RHB Fernando Reyes
|
0-0: Reached on error, E5 (Groundball, 56, EV 83.8 MPH)
|
Batting: SHB Eric Briseno
|
0-0: SINGLE (Groundball, 4MD, EV 103.8 MPH) Fernando Reyes to third Runner from 3rd tries for Home, SAFE, throw by CF to home
|
Batting: RHB Jong-your Lee
|
0-0: Swinging Strike 0-1: Ball 1-1: Foul Ball, location: 2F 1-2: Strikes out looking
|
Batting: LHB Platon Protopsaltis
|
Pickoff Throw to First - Out! 1-3 CS
|
Bottom of the 8th over - 1 run, 1 hit, 1 error, 0 left on base; University of Minnesota 1 - University of Alabama 2 |
TOP OF THE 9TH |
University of Minnesota Golden Gophers batting - Pitching for University of Alabama Crimson Tide : RHP Luiz Schantz
|
Pitching: LHP Hirofumi Aoki
|
|
Batting: RHB Ron Gooch
|
0-0: Ball 1-0: Called Strike 1-1: Ground out 4-3 (Groundball, 34S, EV 81.2 MPH)
|
Pinch Hitting: LHB Hidehiro Kanno
|
0-0: Called Strike 0-1: Fly out, F4 (Line Drive, 4, EV 66.9 MPH)
|
Batting: RHB Tommy Molinaro
|
0-0: Ball 1-0: Ball 2-0: Foul Ball, location: 2F 2-1: Ball 3-1: Foul Ball, location: 2F 3-2: Ground out 6-3 (Groundball, 56, EV 98.1 MPH)
|
Top of the 9th over - 0 runs, 0 hits, 0 errors, 0 left on base; University of Minnesota 1 - University of Alabama 2 |
|